Workbook

Sheet MEDIÇÃO 2
A1: PREFEITURA MUNICIPAL DE SO ROQUE DO CANA Estado do Esprito Santo SECRETARIA MUNICIPAL DE OBRAS E SERVIÇOS URBANOS – SETOR DE ENGENHARIA
A13: BOLETIM DE | E13: =L18 -> MEDIÇÃO 02 | N13: DATA: 07/05/2025
A14: Obra: Reforma da quadra da EMEIEF “JOSEPHIR BOSCHETTI” | D14: CONTRATO Nº: | F14: 167/2024 | K14: Assinatura: 18/12/2024 | N14: INÍCIO: | P14: 45659
N15: TÉRMINO: | P15: 45780
A16: LOCAL: Comunidade de São Dalmácio, zona rural, s/n, Distrito Sede, São Roque do Canaã | D16: PERÍODO: | I16: 45696 | K16: a | L16: 45779 | N16: PRAZO: | P16: 60 DIAS + 60 DIAS
A17: EMPREITEIRA: CONSÓRCIO CINCO QUADRAS | F17: 1° REPLANILHAMENTO | I17: =L18 -> MEDIÇÃO 02 | L17: =O103 -> 28114.118 | N17: % MÊS: | O17: =K103 -> 0.24080713 | P17: % ACUM: | Q17: =K104 -> 0.9960521
A18: ITEM | B18: ESPECIFICAÇÃO | C18: UNID. | D18: QUANT. | E18: PREÇO UNIT R$ | F18: ACRESC. | G18: DESCRES. | H18: QUANT. ATUALIZ. | I18: ACUMULADO ANTERIOR | L18: MEDIÇÃO 02 | O18: TOTAL MEDIDO
I19: QUANT. | J19: TOTAL | K19: % | L19: QUANT. | M19: TOTAL | N19: % | O19: QUANT. | P19: TOTAL | Q19: % | S19: Contrato total | U19: Padrão | V19: Reforma | W19: Proporcional
A20: 1 | B20: INSTALAÇÃO DO CANTEIRO DE OBRAS | M20: =SUM(M21:M22) -> 1886.1817 | P20: =SUM(P21:P22) -> 2469.8428
A21: 1.1 | B21: Placa de obra nas dimensões de 2.0 x 4.0 m, padrão DER | C21: m2 | D21: 2 | E21: 291.83059 | H21: =D21+F21-G21 -> 2 | I21: 2 | J21: =I21*E21 -> 583.66117 | K21: =I21/H21 -> 1 | M21: =L21*E21 -> 0 | N21: =L21/H21 -> 0 | O21: =I21+L21 -> 2 | P21: =J21+M21 -> 583.66117 | Q21: =K21+N21 -> 1 | R21: 1 | S21: =H21*E21 -> 583.66117 | U21: =S24+S26+S27+S31+S32+S35+S36+S37+S38+S43+S56+S57+S59+S61+S62+S77+S78+S79+S81+S82+S83+S85+S87+S88+S89+S90+S91+S92+S93+S94+S95+S96+S97+S99 -> 37484.647 | V21: =S25+S28+S29+S30+S33+S40+S41+S45+S46+S47+S48+S49+S50+S51+S52+S53+S54+S58+S60+S63+S66+S68+S70+S75 -> 72615.734 | W21: =P21+P22+P72 -> 6649.1448
A22: 1.2 | B22: Aluguel mensal container para almoxarifado, incl. porta, 2 janelas, 1 pt iluminação, Isolamento térmico (teto), piso em comp. Naval pintado, cert. NR18, incl. laudo descontaminação. | C22: ms | D22: 2 | E22: 943.09084 | H22: =D22+F22-G22 -> 2 | I22: 0 | J22: =I22*E22 -> 0 | K22: =I22/H22 -> 0 | L22: 2 | M22: =L22*E22 -> 1886.1817 | N22: =L22/H22 -> 1 | O22: =I22+L22 -> 2 | P22: =J22+M22 -> 1886.1817 | Q22: =K22+N22 -> 1 | R22: 1 | S22: =H22*E22 -> 1886.1817 | U22: =U21/(D106-W21) -> 0.34045883 | V22: =V21/(D106-W21) -> 0.65954117
A23: 2 | B23: SERVIÇOS PRELIMINARES | M23: =SUM(M24:M33) -> 0 | P23: =SUM(P24:P33) -> 10537.828 | U23: =U22*P22 -> 642.16721 | V23: =V22*P22 -> 1244.0145
A24: 2.1 | B24: Demolição de alvenaria | C24: m3 | D24: 0.95 | E24: 71.7977 | H24: =D24+F24-G24 -> 0.95 | I24: 0.2 | J24: =I24*E24 -> 14.35954 | K24: =I24/H24 -> 0.21052632 | M24: =L24*E24 -> 0 | N24: =L24/H24 -> 0 | O24: =I24+L24 -> 0.2 | P24: =J24+M24 -> 14.35954 | Q24: =K24+N24 -> 0.21052632 | R24: 2 | S24: =H24*E24 -> 68.207815
A25: 2.2 | B25: Lixamento de parede com pintura antiga PVA para recebimento de nova camada de tinta | C25: m2 | D25: 206.34 | E25: 4.4970225 | H25: =D25+F25-G25 -> 206.34 | I25: 206.34 | J25: =I25*E25 -> 927.91562 | K25: =I25/H25 -> 1 | M25: =L25*E25 -> 0 | N25: =L25/H25 -> 0 | O25: =I25+L25 -> 206.34 | P25: =J25+M25 -> 927.91562 | Q25: =K25+N25 -> 1 | R25: 2 | S25: =H25*E25 -> 927.91562 | U25: =M43+M61+M62+M76+M80+M84+M86+M98 -> 21302.41 | V25: =M40+M48+M54+M68+M75 -> 4674.7683
A26: 2.3 | B26: Retirada de caixas/quadros elétricos | C26: und | D26: 1 | E26: 17.773946 | H26: =D26+F26-G26 -> 1 | I26: 1 | J26: =I26*E26 -> 17.773946 | K26: =I26/H26 -> 1 | M26: =L26*E26 -> 0 | N26: =L26/H26 -> 0 | O26: =I26+L26 -> 1 | P26: =J26+M26 -> 17.773946 | Q26: =K26+N26 -> 1 | R26: 2 | S26: =H26*E26 -> 17.773946 | U26: =U25+U23 -> 21944.577 | V26: =V25+V23 -> 5918.7828
A27: 2.4 | B27: Retirada de poste de aço de 4 a 6 m | C27: und | D27: 1 | E27: 47.861168 | H27: =D27+F27-G27 -> 1 | I27: 0 | J27: =I27*E27 -> 0 | K27: =I27/H27 -> 0 | M27: =L27*E27 -> 0 | N27: =L27/H27 -> 0 | O27: =I27+L27 -> 0 | P27: =J27+M27 -> 0 | Q27: =K27+N27 -> 0 | R27: 2 | S27: =H27*E27 -> 47.861168
A28: 2.5 | B28: Retirada de pontos elétricos (luminárias, interruptores e tomadas) | C28: und | D28: 12 | E28: 12.812945 | H28: =D28+F28-G28 -> 12 | I28: 12 | J28: =I28*E28 -> 153.75534 | K28: =I28/H28 -> 1 | M28: =L28*E28 -> 0 | N28: =L28/H28 -> 0 | O28: =I28+L28 -> 12 | P28: =J28+M28 -> 153.75534 | Q28: =K28+N28 -> 1 | R28: 2 | S28: =H28*E28 -> 153.75534 | U28: =U26/(M100-M72) -> 0.78757828 | V28: =V26/(M100-M72) -> 0.21242172
A29: 2.6 | B29: Remoção de pintura antiga a óleo ou esmalte | C29: m2 | D29: 228.96 | E29: 15.906135 | H29: =D29+F29-G29 -> 228.96 | I29: 228.96 | J29: =I29*E29 -> 3641.8687 | K29: =I29/H29 -> 1 | M29: =L29*E29 -> 0 | N29: =L29/H29 -> 0 | O29: =I29+L29 -> 228.96 | P29: =J29+M29 -> 3641.8687 | Q29: =K29+N29 -> 1 | R29: 2 | S29: =H29*E29 -> 3641.8687 | U29: =U28*M72 -> 197.49164 | V29: =V28*M72 -> 53.26647
A30: 2.7 | B30: Lixamento manual em superfícies metálicas em obra | C30: m2 | D30: 129.3 | E30: 10.150422 | H30: =D30+F30-G30 -> 129.3 | I30: 124.9 | J30: =I30*E30 -> 1267.7877 | K30: =I30/H30 -> 0.96597061 | M30: =L30*E30 -> 0 | N30: =L30/H30 -> 0 | O30: =I30+L30 -> 124.9 | P30: =J30+M30 -> 1267.7877 | Q30: =K30+N30 -> 0.96597061 | R30: 2 | S30: =H30*E30 -> 1312.4496 | U30: =U26+U29 -> 22142.069 | V30: =V26+V29 -> 5972.0493
A31: 2.8 | B31: Abertura e fechamento de rasgos em alvenaria, para passagem de eletroduto diâm. 1 1/4"a 2" | C31: m | D31: 4.5 | E31: 22.437525 | H31: =D31+F31-G31 -> 4.5 | I31: 1.5 | J31: =I31*E31 -> 33.656287 | K31: =I31/H31 -> 0.33333333 | M31: =L31*E31 -> 0 | N31: =L31/H31 -> 0 | O31: =I31+L31 -> 1.5 | P31: =J31+M31 -> 33.656287 | Q31: =K31+N31 -> 0.33333333 | R31: 2 | S31: =H31*E31 -> 100.96886
A32: 2.9 | B32: Escavação manual em material de 1a. categoria, até 1.50 m de profundidade | C32: m3 | D32: 2.42 | E32: 68.549851 | H32: =D32+F32-G32 -> 2.42 | I32: 2.42 | J32: =I32*E32 -> 165.89064 | K32: =I32/H32 -> 1 | M32: =L32*E32 -> 0 | N32: =L32/H32 -> 0 | O32: =I32+L32 -> 2.42 | P32: =J32+M32 -> 165.89064 | Q32: =K32+N32 -> 1 | R32: 2 | S32: =H32*E32 -> 165.89064
A33: 2.10 | B33: Retirada de grades, gradis, alambrados, cercas e portões | C33: m2 | D33: 204.56 | E33: 21.093177 | H33: =D33+F33-G33 -> 204.56 | I33: 204.56 | J33: =I33*E33 -> 4314.8203 | K33: =I33/H33 -> 1 | M33: =L33*E33 -> 0 | N33: =L33/H33 -> 0 | O33: =I33+L33 -> 204.56 | P33: =J33+M33 -> 4314.8203 | Q33: =K33+N33 -> 1 | R33: 2 | S33: =H33*E33 -> 4314.8203
A34: 3 | B34: INFRAESTRUTURA | M34: =SUM(M35:M38) -> 0 | P34: =SUM(P35:P38) -> 1960.6643 | S34: =H34*E34 -> 0
A35: 3.1 | B35: Fôrma de chapa compensada resinada 12mm, levando-se em conta a utilização 3 vezes (incluido o material, corte, montagem, escoramento e desfôrma) | C35: m2 | D35: 9 | E35: 100.01711 | H35: =D35+F35-G35 -> 9 | I35: 9 | J35: =I35*E35 -> 900.154 | K35: =I35/H35 -> 1 | M35: =L35*E35 -> 0 | N35: =L35/H35 -> 0 | O35: =I35+L35 -> 9 | P35: =J35+M35 -> 900.154 | Q35: =K35+N35 -> 1 | R35: 3 | S35: =H35*E35 -> 900.154
A36: 3.2 | B36: Fornecimento, preparo e aplicação de concreto Fck=25 MPa (brita 1 e 2) - (5% de perdas já incluído no custo) | C36: m3 | D36: 0.5625 | E36: 868.56777 | H36: =D36+F36-G36 -> 0.5625 | I36: 0.5625 | J36: =I36*E36 -> 488.56937 | K36: =I36/H36 -> 1 | M36: =L36*E36 -> 0 | N36: =L36/H36 -> 0 | O36: =I36+L36 -> 0.5625 | P36: =J36+M36 -> 488.56937 | Q36: =K36+N36 -> 1 | R36: 3 | S36: =H36*E36 -> 488.56937
A37: 3.3 | B37: Fornecimento, dobragem e colocação em fôrma, de armadura CA-60 B fina, diâmetro de 4.0 a 7.0mm | C37: kg | D37: 8.5 | E37: 14.371437 | H37: =D37+F37-G37 -> 8.5 | I37: 8.5 | J37: =I37*E37 -> 122.15721 | K37: =I37/H37 -> 1 | M37: =L37*E37 -> 0 | N37: =L37/H37 -> 0 | O37: =I37+L37 -> 8.5 | P37: =J37+M37 -> 122.15721 | Q37: =K37+N37 -> 1 | R37: 3 | S37: =H37*E37 -> 122.15721
A38: 3.4 | B38: Fornecimento, dobragem e colocação em fôrma, de armadura CA-50 A média, diâmetro de 6.3 a 10.0 mm | C38: kg | D38: 33.31 | E38: 13.502964 | H38: =D38+F38-G38 -> 33.31 | I38: 33.31 | J38: =I38*E38 -> 449.78374 | K38: =I38/H38 -> 1 | M38: =L38*E38 -> 0 | N38: =L38/H38 -> 0 | O38: =I38+L38 -> 33.31 | P38: =J38+M38 -> 449.78374 | Q38: =K38+N38 -> 1 | R38: 3 | S38: =H38*E38 -> 449.78374
A39: 4 | B39: PAREDES E PAINÉIS | M39: =SUM(M40:M41) -> 25.768653 | P39: =SUM(P40:P41) -> 158.97212 | S39: =H39*E39 -> 0
A40: 4.1 | B40: Chapisco de argamassa de cimento e areia média ou grossa lavada, no traço 1:3, espessura 5 mm | C40: m2 | D40: 3.5 | E40: 8.5895509 | F40: 3 | H40: =D40+F40-G40 -> 6.5 | I40: 3.5 | J40: =I40*E40 -> 30.063428 | K40: =I40/H40 -> 0.53846154 | L40: 3 | M40: =L40*E40 -> 25.768653 | N40: =L40/H40 -> 0.46153846 | O40: =I40+L40 -> 6.5 | P40: =J40+M40 -> 55.832081 | Q40: =K40+N40 -> 1 | R40: 4 | S40: =H40*E40 -> 55.832081
A41: 4.2 | B41: Reboco de argamassa de cimento, cal hidratada CH1 e areia média ou grossa lavada no traço 1:0.5:6, espessura 5mm | C41: m2 | D41: 3.5 | E41: 29.468584 | H41: =D41+F41-G41 -> 3.5 | I41: 3.5 | J41: =I41*E41 -> 103.14004 | K41: =I41/H41 -> 1 | M41: =L41*E41 -> 0 | N41: =L41/H41 -> 0 | O41: =I41+L41 -> 3.5 | P41: =J41+M41 -> 103.14004 | Q41: =K41+N41 -> 1 | R41: 4 | S41: =H41*E41 -> 103.14004
A42: 5 | B42: PISOS E REVESTIMENTOS | M42: =SUM(M43) -> 152.24604 | P42: =SUM(P43) -> 152.24604 | S42: =H42*E42 -> 0
A43: 5.1 | B43: Chapim sobre muros lineares, em granito ou mármore, l = 25 cm, assentado com argamassa 1:6 com aditivo. Af_11/2020 | C43: m | D43: 1.5 | E43: 101.49736 | H43: =D43+F43-G43 -> 1.5 | I43: 0 | J43: =I43*E43 -> 0 | K43: =I43/H43 -> 0 | L43: 1.5 | M43: =L43*E43 -> 152.24604 | N43: =L43/H43 -> 1 | O43: =I43+L43 -> 1.5 | P43: =J43+M43 -> 152.24604 | Q43: =K43+N43 -> 1 | R43: 5 | S43: =H43*E43 -> 152.24604
A44: 6. | B44: QUADRA DE ESPORTES | M44: =SUM(M45:M54) -> 2097.3572 | P44: =SUM(P45:P54) -> 42991.902 | S44: =H44*E44 -> 0
A45: 6.1 | B45: Pintura à base de epoxi, marcas de referência Suvinil, Coral ou Novacor, em faixas com largura de 5cm, para demarcação de quadras de esportes | C45: m | D45: 202.82 | E45: 12.122926 | H45: =D45+F45-G45 -> 202.82 | I45: 202.82 | J45: =I45*E45 -> 2458.7718 | K45: =I45/H45 -> 1 | M45: =L45*E45 -> 0 | N45: =L45/H45 -> 0 | O45: =I45+L45 -> 202.82 | P45: =J45+M45 -> 2458.7718 | Q45: =K45+N45 -> 1 | R45: 6 | S45: =H45*E45 -> 2458.7718
A46: 6.2 | B46: Pintura a base de epoxi, marcas de referência Suvinil, Coral ou Novacor, em faixas largura de 8cm para demarcação de quadra de esportes | C46: m | D46: 115.46 | E46: 13.78849 | H46: =D46+F46-G46 -> 115.46 | I46: 115.46 | J46: =I46*E46 -> 1592.019 | K46: =I46/H46 -> 1 | M46: =L46*E46 -> 0 | N46: =L46/H46 -> 0 | O46: =I46+L46 -> 115.46 | P46: =J46+M46 -> 1592.019 | Q46: =K46+N46 -> 1 | R46: 6 | S46: =H46*E46 -> 1592.019
A47: 6.3 | B47: Pintura com tinta à base de resinas acrílicas, marcas de referencia Suvinil, Coral ou Novacor, sobre piso de concreto a duas demãos | C47: m2 | D47: 523.96 | E47: 48.229971 | H47: =D47+F47-G47 -> 523.96 | I47: 523.96 | J47: =I47*E47 -> 25270.576 | K47: =I47/H47 -> 1 | M47: =L47*E47 -> 0 | N47: =L47/H47 -> 0 | O47: =I47+L47 -> 523.96 | P47: =J47+M47 -> 25270.576 | Q47: =K47+N47 -> 1 | R47: 6 | S47: =H47*E47 -> 25270.576
A48: 6.4 | B48: Placa de sinalização de segurança CODIGO 14 - 315/158(NBR 13.434); CÓDIGO S3(NT 14/2010-ES) ("SAIDA DE EMERGÊNCIA" - seta vertical) | C48: und | D48: 2 | E48: 31.586229 | H48: =D48+F48-G48 -> 2 | I48: 0 | J48: =I48*E48 -> 0 | K48: =I48/H48 -> 0 | L48: 2 | M48: =L48*E48 -> 63.172459 | N48: =L48/H48 -> 1 | O48: =I48+L48 -> 2 | P48: =J48+M48 -> 63.172459 | Q48: =K48+N48 -> 1 | R48: 6 | S48: =H48*E48 -> 63.172459
A49: 6.5 | B49: Rede para futebol de salão | C49: und | D49: 2 | E49: 181.71302 | H49: =D49+F49-G49 -> 2 | I49: 2 | J49: =I49*E49 -> 363.42604 | K49: =I49/H49 -> 1 | M49: =L49*E49 -> 0 | N49: =L49/H49 -> 0 | O49: =I49+L49 -> 2 | P49: =J49+M49 -> 363.42604 | Q49: =K49+N49 -> 1 | R49: 6 | S49: =H49*E49 -> 363.42604
A50: 6.6 | B50: Trinco redondo vertical ferro galvanizado 15cm | C50: un | D50: 1 | E50: 53.095547 | H50: =D50+F50-G50 -> 1 | I50: 1 | J50: =I50*E50 -> 53.095547 | K50: =I50/H50 -> 1 | M50: =L50*E50 -> 0 | N50: =L50/H50 -> 0 | O50: =I50+L50 -> 1 | P50: =J50+M50 -> 53.095547 | Q50: =K50+N50 -> 1 | R50: 6 | S50: =H50*E50 -> 53.095547
A51: 6.7 | B51: Reinstalação de alambrado de quadra poliesportiva | C51: m2 | D51: 204.56 | E51: 21.087228 | H51: =D51+F51-G51 -> 204.56 | I51: 204.56 | J51: =I51*E51 -> 4313.6035 | K51: =I51/H51 -> 1 | M51: =L51*E51 -> 0 | N51: =L51/H51 -> 0 | O51: =I51+L51 -> 204.56 | P51: =J51+M51 -> 4313.6035 | Q51: =K51+N51 -> 1 | R51: 6 | S51: =H51*E51 -> 4313.6035
A52: 6.9 | B52: Tabela de basquete de madeira, com aro, inclusive colocação | C52: und | D52: 2 | E52: 1214.8028 | H52: =D52+F52-G52 -> 2 | I52: 2 | J52: =I52*E52 -> 2429.6056 | K52: =I52/H52 -> 1 | M52: =L52*E52 -> 0 | N52: =L52/H52 -> 0 | O52: =I52+L52 -> 2 | P52: =J52+M52 -> 2429.6056 | Q52: =K52+N52 -> 1 | R52: 6 | S52: =H52*E52 -> 2429.6056
A53: 6.10 | B53: Trave para futebol de salão de tubo de ferro galvanizado 3", com recuo, removível, dimensões oficiais 3x2m | C53: und | D53: 2 | E53: 2206.7239 | H53: =D53+F53-G53 -> 2 | I53: 2 | J53: =I53*E53 -> 4413.4478 | K53: =I53/H53 -> 1 | M53: =L53*E53 -> 0 | N53: =L53/H53 -> 0 | O53: =I53+L53 -> 2 | P53: =J53+M53 -> 4413.4478 | Q53: =K53+N53 -> 1 | R53: 6 | S53: =H53*E53 -> 4413.4478
A54: 6.11 | B54: Rede de proteção em nylon malha 10x10 cm para proteção de quadra de esportes | C54: m2 | D54: 81.85 | E54: 24.852593 | H54: =D54+F54-G54 -> 81.85 | I54: 0 | J54: =I54*E54 -> 0 | K54: =I54/H54 -> 0 | L54: 81.85 | M54: =L54*E54 -> 2034.1847 | N54: =L54/H54 -> 1 | O54: =I54+L54 -> 81.85 | P54: =J54+M54 -> 2034.1847 | Q54: =K54+N54 -> 1 | R54: 6 | S54: =H54*E54 -> 2034.1847
A55: 7 | B55: INSTALAÇÕES ELÉTRICAS | M55: =SUM(M56:M63) -> 659.8512 | P55: =SUM(P56:P63) -> 17443.976 | S55: =H55*E55 -> 0
A56: 7.1 | B56: Mureta de medição utilizando arg. cimento, cal e areia, dimensões 1100x2000x200mm, com pilares e cintas, revestido com chapisco e reboco, inclusive pintura emassamento e pintura acrílica a três demãos, exclusive cobertura | C56: und | D56: 1 | E56: 1737.6709 | H56: =D56+F56-G56 -> 1 | I56: 1 | J56: =I56*E56 -> 1737.6709 | K56: =I56/H56 -> 1 | M56: =L56*E56 -> 0 | N56: =L56/H56 -> 0 | O56: =I56+L56 -> 1 | P56: =J56+M56 -> 1737.6709 | Q56: =K56+N56 -> 1 | R56: 7 | S56: =H56*E56 -> 1737.6709
A57: 7.2 | B57: Padrão de entrada de energia elétrica, trifásico, entrada aérea, a 4 fios, carga instalada em muro de 57001 até 75000W - 220/127V | C57: und | D57: 1 | E57: 9804.4965 | H57: =D57+F57-G57 -> 1 | I57: 1 | J57: =I57*E57 -> 9804.4965 | K57: =I57/H57 -> 1 | M57: =L57*E57 -> 0 | N57: =L57/H57 -> 0 | O57: =I57+L57 -> 1 | P57: =J57+M57 -> 9804.4965 | Q57: =K57+N57 -> 1 | R57: 7 | S57: =H57*E57 -> 9804.4965
A58: 7.3 | B58: Quadro de distribuição de energia, de embutir, com 18 divisões modulares, com barramento | C58: und | D58: 1 | E58: 619.92288 | H58: =D58+F58-G58 -> 1 | I58: 1 | J58: =I58*E58 -> 619.92288 | K58: =I58/H58 -> 1 | M58: =L58*E58 -> 0 | N58: =L58/H58 -> 0 | O58: =I58+L58 -> 1 | P58: =J58+M58 -> 619.92288 | Q58: =K58+N58 -> 1 | R58: 7 | S58: =H58*E58 -> 619.92288
A59: 7.4 | B59: Quadro de distribuição de energia, de embutir, com 32 divisões modulares, com barramento | C59: und | D59: 1 | E59: 816.82822 | H59: =D59+F59-G59 -> 1 | I59: 1 | J59: =I59*E59 -> 816.82822 | K59: =I59/H59 -> 1 | M59: =L59*E59 -> 0 | N59: =L59/H59 -> 0 | O59: =I59+L59 -> 1 | P59: =J59+M59 -> 816.82822 | Q59: =K59+N59 -> 1 | R59: 7 | S59: =H59*E59 -> 816.82822
A60: 7.5 | B60: Refletor Slim LED 200W de potência, branco Frio, 6500k, Bivolt | C60: un | D60: 12 | E60: 193.81929 | H60: =D60+F60-G60 -> 12 | I60: 12 | J60: =I60*E60 -> 2325.8315 | K60: =I60/H60 -> 1 | M60: =L60*E60 -> 0 | N60: =L60/H60 -> 0 | O60: =I60+L60 -> 12 | P60: =J60+M60 -> 2325.8315 | Q60: =K60+N60 -> 1 | R60: 7 | S60: =H60*E60 -> 2325.8315
A61: 7.6 | B61: Caixa de inspeção de alvenaria de blocos cerâmicos 10 furos 10x20x20cm dimensões de 30x30x60cm, com revestimento interno em chapisco e reboco, tampa de concreto esp.5cm e lastro de brita 5 cm | C61: und | D61: 2 | E61: 281.80151 | F61: 1 | H61: =D61+F61-G61 -> 3 | I61: 2 | J61: =I61*E61 -> 563.60303 | K61: =I61/H61 -> 0.66666667 | L61: 1 | M61: =L61*E61 -> 281.80151 | N61: =L61/H61 -> 0.33333333 | O61: =I61+L61 -> 3 | P61: =J61+M61 -> 845.40454 | Q61: =K61+N61 -> 1 | R61: 7 | S61: =H61*E61 -> 845.40454
A62: 7.7 | B62: Eletroduto PEAD parede simples, corrugado, cor preta, diâmetro 2", referencia Kanaflex, Plastibras ou equivalente | C62: m | D62: 39.5 | E62: 32.311939 | H62: =D62+F62-G62 -> 39.5 | I62: 27.8 | J62: =I62*E62 -> 898.27191 | K62: =I62/H62 -> 0.70379747 | L62: 11.7 | M62: =L62*E62 -> 378.04969 | N62: =L62/H62 -> 0.29620253 | O62: =I62+L62 -> 39.5 | P62: =J62+M62 -> 1276.3216 | Q62: =K62+N62 -> 1 | R62: 7 | S62: =H62*E62 -> 1276.3216
A63: 7.8 | B63: Caixa de embutir marca de referência Tigreflex, 4x4" | C63: und | D63: 1 | E63: 17.500318 | H63: =D63+F63-G63 -> 1 | I63: 1 | J63: =I63*E63 -> 17.500318 | K63: =I63/H63 -> 1 | M63: =L63*E63 -> 0 | N63: =L63/H63 -> 0 | O63: =I63+L63 -> 1 | P63: =J63+M63 -> 17.500318 | Q63: =K63+N63 -> 1 | R63: 7 | S63: =H63*E63 -> 17.500318
A64: 8 | B64: PINTURA | M64: =SUM(M66:M68) -> 668.90235 | P64: =SUM(P66:P68) -> 13207.759 | S64: =H64*E64 -> 0
A65: 8.1 | B65: SOBRE METAL | S65: =H65*E65 -> 0
A66: 8.1.1 | B66: Pintura sobre metal, aplicação manual, com duas demãos de tinta esmalte sintético, referência Suvinil, Coral ou Metalatex, inclusive uma demão de fundo anticorrosivo | C66: m2 | D66: 129.3 | E66: 56.188987 | H66: =D66+F66-G66 -> 129.3 | I66: 124.9 | J66: =I66*E66 -> 7018.0045 | K66: =I66/H66 -> 0.96597061 | M66: =L66*E66 -> 0 | N66: =L66/H66 -> 0 | O66: =I66+L66 -> 124.9 | P66: =J66+M66 -> 7018.0045 | Q66: =K66+N66 -> 0.96597061 | R66: 8 | S66: =H66*E66 -> 7265.2361
A67: 8.2 | B67: SOBRE PAREDES E FORROS | S67: =H67*E67 -> 0
A68: 8.2.1 | B68: Pintura sobre paredes e forros, aplicação manual, com duas demãos de tinta látex acrílico premium, acabamento fosco, referência Suvinil, Coral e Metalatex, inclusive uma demão de liquido selador acrílico, referência Suvinil, Coral ou Metalatex | C68: m2 | D68: 206.34 | E68: 26.756094 | F68: 25 | H68: =D68+F68-G68 -> 231.34 | I68: 206.34 | J68: =I68*E68 -> 5520.8525 | K68: =I68/H68 -> 0.89193395 | L68: 25 | M68: =L68*E68 -> 668.90235 | N68: =L68/H68 -> 0.10806605 | O68: =I68+L68 -> 231.34 | P68: =J68+M68 -> 6189.7548 | Q68: =K68+N68 -> 1 | R68: 8 | S68: =H68*E68 -> 6189.7548
A69: 9 | B69: SERVIÇOS COMPLEMENTARES | M69: =SUM(M70) -> 0 | P69: =SUM(P70) -> 813.06405 | S69: =H69*E69 -> 0
A70: 9.1 | B70: Limpeza geral de obras (quadras, praças e jardins) | C70: m2 | D70: 551.15 | E70: 1.4752137 | H70: =D70+F70-G70 -> 551.15 | I70: 551.15 | J70: =I70*E70 -> 813.06405 | K70: =I70/H70 -> 1 | M70: =L70*E70 -> 0 | N70: =L70/H70 -> 0 | O70: =I70+L70 -> 551.15 | P70: =J70+M70 -> 813.06405 | Q70: =K70+N70 -> 1 | R70: 9 | S70: =H70*E70 -> 813.06405
A71: 10 | B71: ADMINISTRAÇÃO LOCAL | M71: =SUM(M72) -> 250.75811 | P71: =SUM(P72) -> 4179.3019 | S71: =H71*E71 -> 0
A72: 10.1 | B72: Administração local | C72: und | D72: 1 | E72: 4179.3019 | H72: =D72+F72-G72 -> 1 | I72: 0.94 | J72: =I72*E72 -> 3928.5438 | K72: =I72/H72 -> 0.94 | L72: 0.06 | M72: =L72*E72 -> 250.75811 | N72: =L72/H72 -> 0.06 | O72: =I72+L72 -> 1 | P72: =J72+M72 -> 4179.3019 | Q72: =K72+N72 -> 1 | R72: 10 | S72: =H72*E72 -> 4179.3019
A73: 11 | B73: ITENS NOVOS | M73: =SUM(M74+M76+M80+M84+M86+M98) -> 22373.053 | P73: =SUM(P74+P76+P80+P84+P86+P98) -> 22373.053 | S73: =H73*E73 -> 0
A74: 1 | B74: INSTALAÇÃO DO CANTEIRO DE OBRAS | M74: =SUM(M75) -> 1882.7402 | P74: =SUM(P75) -> 1882.7402 | S74: =H74*E74 -> 0
A75: 11.1 | B75: Locação de andaime metálico para trabalho em fachada de edifíco (aluguel de 1 m² por 1 mês) inclusive frete, montagem e desmontagem | C75: m2 | D75: 0 | E75: 28.1006 | F75: 67 | H75: =D75+F75-G75 -> 67 | J75: =I75*E75 -> 0 | K75: =I75/H75 -> 0 | L75: 67 | M75: =L75*E75 -> 1882.7402 | N75: =L75/H75 -> 1 | O75: =I75+L75 -> 67 | P75: =J75+M75 -> 1882.7402 | Q75: =K75+N75 -> 1 | R75: 1 | S75: =H75*E75 -> 1882.7402
A76: 2 | B76: SERVIÇOS PRELIMINARES | M76: =SUM(M77:M79) -> 354.24363 | P76: =SUM(P77:P79) -> 354.24363 | S76: =H76*E76 -> 0
A77: 11.2 | B77: Remoção de interruptores/tomadas elétricas, de forma manual | C77: und | D77: 0 | E77: 0.66860868 | F77: 35 | H77: =D77+F77-G77 -> 35 | J77: =I77*E77 -> 0 | K77: =I77/H77 -> 0 | L77: 35 | M77: =L77*E77 -> 23.401304 | N77: =L77/H77 -> 1 | O77: =I77+L77 -> 35 | P77: =J77+M77 -> 23.401304 | Q77: =K77+N77 -> 1 | R77: 2 | S77: =H77*E77 -> 23.401304
A78: 11.3 | B78: Abertura e fechamento de rasgos em concreto, para passagem de tubulações, diâm. 11/4" a 2" | C78: m | D78: 0 | E78: 43.233522 | F78: 6 | H78: =D78+F78-G78 -> 6 | J78: =I78*E78 -> 0 | K78: =I78/H78 -> 0 | L78: 6 | M78: =L78*E78 -> 259.40113 | N78: =L78/H78 -> 1 | O78: =I78+L78 -> 6 | P78: =J78+M78 -> 259.40113 | Q78: =K78+N78 -> 1 | R78: 2 | S78: =H78*E78 -> 259.40113
A79: 11.4 | B79: Remoção de telhas cerâmicas, tipo colonial, inclusive cumeeiras | C79: m2 | D79: 0 | E79: 28.576478 | F79: 2.5 | H79: =D79+F79-G79 -> 2.5 | J79: =I79*E79 -> 0 | K79: =I79/H79 -> 0 | L79: 2.5 | M79: =L79*E79 -> 71.441194 | N79: =L79/H79 -> 1 | O79: =I79+L79 -> 2.5 | P79: =J79+M79 -> 71.441194 | Q79: =K79+N79 -> 1 | R79: 2 | S79: =H79*E79 -> 71.441194
A80: 4 | B80: PAREDES E PAINÉIS | M80: =SUM(M81:M83) -> 1138.7524 | P80: =SUM(P81:P83) -> 1138.7524 | S80: =H80*E80 -> 0
A81: 11.5 | B81: Eletroduto de PVC rígido roscável, diâmetro 2", inclusive conexões | C81: m | D81: 0 | E81: 41.722609 | F81: 12 | H81: =D81+F81-G81 -> 12 | J81: =I81*E81 -> 0 | K81: =I81/H81 -> 0 | L81: 12 | M81: =L81*E81 -> 500.67131 | N81: =L81/H81 -> 1 | O81: =I81+L81 -> 12 | P81: =J81+M81 -> 500.67131 | Q81: =K81+N81 -> 1 | R81: 4 | S81: =H81*E81 -> 500.67131
A82: 11.6 | B82: Reboco tipo paulista de argamassa de cimento, cal hidratada CH1 e areia lavada traço 1:0.5:6, espessura 25 mm | C82: m2 | D82: 0 | E82: 80.494775 | F82: 6 | H82: =D82+F82-G82 -> 6 | J82: =I82*E82 -> 0 | K82: =I82/H82 -> 0 | L82: 6 | M82: =L82*E82 -> 482.96865 | N82: =L82/H82 -> 1 | O82: =I82+L82 -> 6 | P82: =J82+M82 -> 482.96865 | Q82: =K82+N82 -> 1 | R82: 4 | S82: =H82*E82 -> 482.96865
A83: 11.7 | B83: Emassamento de paredes e forros, com duas demãos de massa acrílica premium, referência Suvinil, Coral ou Sherwin Williams ou equivalente, inclusive uma demão de liquido selador acrílico, referência Suvinil, Coral ou Metalatex ou equivalente | C83: m2 | D83: 0 | E83: 25.852076 | F83: 6 | H83: =D83+F83-G83 -> 6 | J83: =I83*E83 -> 0 | K83: =I83/H83 -> 0 | L83: 6 | M83: =L83*E83 -> 155.11246 | N83: =L83/H83 -> 1 | O83: =I83+L83 -> 6 | P83: =J83+M83 -> 155.11246 | Q83: =K83+N83 -> 1 | R83: 4 | S83: =H83*E83 -> 155.11246
A84: 5 | B84: PISOS E REVESTIMENTOS | M84: =SUM(M85) -> 109.49954 | P84: =SUM(P85) -> 109.49954 | S84: =H84*E84 -> 0
A85: 11.8 | B85: Rodapé de granito cinza andorinha altura de 7 cm e espessura de 2 cm, assentado com argamassa de cimento, cal hidratada CH1 e areia no traço 1:0,5:8, inclusive rejuntamento com cimento branco | C85: m | D85: 0 | E85: 54.749771 | F85: 2 | H85: =D85+F85-G85 -> 2 | J85: =I85*E85 -> 0 | K85: =I85/H85 -> 0 | L85: 2 | M85: =L85*E85 -> 109.49954 | N85: =L85/H85 -> 1 | O85: =I85+L85 -> 2 | P85: =J85+M85 -> 109.49954 | Q85: =K85+N85 -> 1 | R85: 5 | S85: =H85*E85 -> 109.49954
A86: 7 | B86: INSTALAÇÕES ELÉTRICAS | M86: =SUM(M87:M97) -> 18686.747 | P86: =SUM(P87:P97) -> 18686.747 | S86: =H86*E86 -> 0
A87: 11.9 | B87: Eletroduto PEAD parede simples, corrugado, cor preta, diâmetro 4", referencia Kanaflex, Plastibras ou equivalente | C87: m | D87: 0 | E87: 70.751171 | F87: 30 | H87: =D87+F87-G87 -> 30 | J87: =I87*E87 -> 0 | K87: =I87/H87 -> 0 | L87: 30 | M87: =L87*E87 -> 2122.5351 | N87: =L87/H87 -> 1 | O87: =I87+L87 -> 30 | P87: =J87+M87 -> 2122.5351 | Q87: =K87+N87 -> 1 | R87: 7 | S87: =H87*E87 -> 2122.5351
A88: 11.10 | B88: Tomada padrão brasileiro linha branca, NBR 14136 2 polos + terra 10A/250V, com placa 4x2" | C88: und | D88: 0 | E88: 46.160172 | F88: 2 | H88: =D88+F88-G88 -> 2 | J88: =I88*E88 -> 0 | K88: =I88/H88 -> 0 | L88: 2 | M88: =L88*E88 -> 92.320345 | N88: =L88/H88 -> 1 | O88: =I88+L88 -> 2 | P88: =J88+M88 -> 92.320345 | Q88: =K88+N88 -> 1 | R88: 7 | S88: =H88*E88 -> 92.320345
A89: 11.11 | B89: Disjuntor monopolar – instalação | C89: und | D89: 0 | E89: 2.3544067 | F89: 23 | H89: =D89+F89-G89 -> 23 | J89: =I89*E89 -> 0 | K89: =I89/H89 -> 0 | L89: 23 | M89: =L89*E89 -> 54.151355 | N89: =L89/H89 -> 1 | O89: =I89+L89 -> 23 | P89: =J89+M89 -> 54.151355 | Q89: =K89+N89 -> 1 | R89: 7 | S89: =H89*E89 -> 54.151355
A90: 11.12 | B90: Disjuntor bipolar – instalação | C90: und | D90: 0 | E90: 4.7100031 | F90: 8 | H90: =D90+F90-G90 -> 8 | J90: =I90*E90 -> 0 | K90: =I90/H90 -> 0 | L90: 8 | M90: =L90*E90 -> 37.680025 | N90: =L90/H90 -> 1 | O90: =I90+L90 -> 8 | P90: =J90+M90 -> 37.680025 | Q90: =K90+N90 -> 1 | R90: 7 | S90: =H90*E90 -> 37.680025
A91: 11.13 | B91: Disjuntor tripolar – instalação | C91: und | D91: 0 | E91: 20.077296 | F91: 4 | H91: =D91+F91-G91 -> 4 | J91: =I91*E91 -> 0 | K91: =I91/H91 -> 0 | L91: 4 | M91: =L91*E91 -> 80.309182 | N91: =L91/H91 -> 1 | O91: =I91+L91 -> 4 | P91: =J91+M91 -> 80.309182 | Q91: =K91+N91 -> 1 | R91: 7 | S91: =H91*E91 -> 80.309182
A92: 11.14 | B92: Quadro de distribuição de energia em chapa de aço galvanizado, de embutir de 12 disjuntores - instalação | C92: und | D92: 0 | E92: 23.809369 | F92: 2 | H92: =D92+F92-G92 -> 2 | J92: =I92*E92 -> 0 | K92: =I92/H92 -> 0 | L92: 2 | M92: =L92*E92 -> 47.618739 | N92: =L92/H92 -> 1 | O92: =I92+L92 -> 2 | P92: =J92+M92 -> 47.618739 | Q92: =K92+N92 -> 1 | R92: 7 | S92: =H92*E92 -> 47.618739
A93: 11.15 | B93: Quadro de distribuição de energia em chapa de aço galvanizado, de embutir de 18 disjuntores - instalação | C93: und | D93: 0 | E93: 75.389793 | F93: 1 | H93: =D93+F93-G93 -> 1 | J93: =I93*E93 -> 0 | K93: =I93/H93 -> 0 | L93: 1 | M93: =L93*E93 -> 75.389793 | N93: =L93/H93 -> 1 | O93: =I93+L93 -> 1 | P93: =J93+M93 -> 75.389793 | Q93: =K93+N93 -> 1 | R93: 7 | S93: =H93*E93 -> 75.389793
A94: 11.16 | B94: Caixa de passagem 400x400x120mm, chapa 18, com tampa parafusada | C94: und | D94: 0 | E94: 306.83428 | F94: 3 | H94: =D94+F94-G94 -> 3 | J94: =I94*E94 -> 0 | K94: =I94/H94 -> 0 | L94: 3 | M94: =L94*E94 -> 920.50284 | N94: =L94/H94 -> 1 | O94: =I94+L94 -> 3 | P94: =J94+M94 -> 920.50284 | Q94: =K94+N94 -> 1 | R94: 7 | S94: =H94*E94 -> 920.50284
A95: 11.17 | B95: Caixa de passagem para telefone 80x80x15cm (sobrepor) fornecimento e instalacao. Af_11/2019 | C95: un | D95: 0 | E95: 431.68565 | F95: 1 | H95: =D95+F95-G95 -> 1 | J95: =I95*E95 -> 0 | K95: =I95/H95 -> 0 | L95: 1 | M95: =L95*E95 -> 431.68565 | N95: =L95/H95 -> 1 | O95: =I95+L95 -> 1 | P95: =J95+M95 -> 431.68565 | Q95: =K95+N95 -> 1 | R95: 7 | S95: =H95*E95 -> 431.68565
A96: 11.18 | B96: Cabo de cobre termoplástico (PVC) flexível isolado 0,60/1kV, antichama, HEPR 90ºC ? 70,0mm2 | C96: m | D96: 0 | E96: 117.066 | F96: 116 | H96: =D96+F96-G96 -> 116 | J96: =I96*E96 -> 0 | K96: =I96/H96 -> 0 | L96: 116 | M96: =L96*E96 -> 13579.656 | N96: =L96/H96 -> 1 | O96: =I96+L96 -> 116 | P96: =J96+M96 -> 13579.656 | Q96: =K96+N96 -> 1 | R96: 7 | S96: =H96*E96 -> 13579.656
A97: 11.19 | B97: Cabo de cobre termoplástico (PVC) flexível isolado 0,60/1kV, antichama, HEPR 90ºC ? 25,0mm2 | C97: m | D97: 0 | E97: 41.496567 | F97: 30 | H97: =D97+F97-G97 -> 30 | J97: =I97*E97 -> 0 | K97: =I97/H97 -> 0 | L97: 30 | M97: =L97*E97 -> 1244.897 | N97: =L97/H97 -> 1 | O97: =I97+L97 -> 30 | P97: =J97+M97 -> 1244.897 | Q97: =K97+N97 -> 1 | R97: 7 | S97: =H97*E97 -> 1244.897
A98: 9 | B98: SERVIÇOS COMPLEMENTARES | M98: =SUM(M99) -> 201.07038 | P98: =SUM(P99) -> 201.07038 | S98: =H98*E98 -> 0
A99: 11.20 | B99: Cobertura nova de telhas cerâmicas tipo capa e canal inclusive cumeeira (telhas compradas na praça de Vitória, posto obra) (área de projeção horizontal; incl. 35%) | C99: m2 | D99: 0 | E99: 201.07038 | F99: 1 | H99: =D99+F99-G99 -> 1 | J99: =I99*E99 -> 0 | K99: =I99/H99 -> 0 | L99: 1 | M99: =L99*E99 -> 201.07038 | N99: =L99/H99 -> 1 | O99: =I99+L99 -> 1 | P99: =J99+M99 -> 201.07038 | Q99: =K99+N99 -> 1 | R99: 9 | S99: =H99*E99 -> 201.07038
A100: TOTAIS | M100: =M20+M23+M34+M39+M42+M44+M55+M64+M69+M71+M73 -> 28114.118 | P100: =P20+P23+P34+P39+P42+P44+P55+P64+P69+P71+P73 -> 116288.61 | S100: =SUM(S21:S99) -> 116749.53
A102: Valor pactuado em contrato: | C102: 1099774.3 | D102: 93400 | M102: POSIÇÃO FINANCEIRA DO CONTRATO
A103: Total de Acréscimo | C103: =D103/C102 -> 2.2731474e-07 | D103: =E103/D102 -> 0.24999492 | E103: 23349.525 | I103: =L18 -> MEDIÇÃO 02 | K103: =M100/D106 -> 0.24080713 | M103: =L18 -> MEDIÇÃO 02 | O103: =M100 -> 28114.118
A104: Total de Decréscimo | C104: =D104/C102 -> 0 | D104: =E104/D102 -> 0 | E104: 0 | I104: % ACUMULADO | K104: =O104/D106 -> 0.9960521 | M104: ACUMULADO | O104: =P100 -> 116288.61
A105: Replanilhamento | C105: =J100 -> 0 | D105: =E103 -> 23349.525 | I105: %SALDO | K105: =100%-K104 -> 0.0039478997 | M105: SALDO | O105: =D106-O104 -> 460.91542
A106: Valor atualizado do contrato | C106: =J101 -> 0 | D106: =D102+E103-E104 -> 116749.53
B108: JHONATAN DE OLIVEIRA RECKEL | I108: ITENS DE REFERÊNCIA DEVIDO A REDISTRIBUIÇÃO DE ITENS NOVOS
B109: Engenheiro Civil | I109: ITEM | J109: TOTAL
B110: CREA ES 50835/D | I110: 1 | J110: =SUMIF($R$11:$R$111,$I110,$M$11:$M$111) -> 3768.9219
B111: Fiscal da Obra | I111: 2 | J111: =SUMIF($R$11:$R$111,$I111,$M$11:$M$111) -> 354.24363
I112: 3 | J112: =SUMIF($R$11:$R$111,$I112,$M$11:$M$111) -> 0
I113: 4 | J113: =SUMIF($R$11:$R$111,$I113,$M$11:$M$111) -> 1164.5211
...

Sheet MEMO CALCULO 02
B2: PREFEITURA MUNICIPAL DE SÃO ROQUE DO CANAÃ
B8: MEMÓRIA DE CÁLCULO 2ª MEDIÇÃO
B9: OBRA: Reforma da quadra da EMEIEF “JOSEPHIR BOSCHETTI” | D9: DATA: 07/05/2025
B10: LOCAL: Comunidade de São Dalmácio, Zona Rural, S/N, Distrito Sede, São Roque do Canaã
B11: ITEM | C11: DESCRIÇÃO | D11: UND | E11: QUANT.
B12: 1 | C12: =VLOOKUP(B12,'MEDIÇÃO 2'!$A$20:$C$100,2,0) -> INSTALAÇÃO DO CANTEIRO DE OBRAS
B13: 1.2 | C13: =VLOOKUP(B13,'MEDIÇÃO 2'!$A$20:$C$100,2,0) -> Aluguel mensal container para almoxarifado, incl. porta, 2 janelas, 1 pt iluminação, Isolamento térmico (teto), piso em comp. Naval pintado, cert. NR18, incl. laudo descontaminação. | D13: =VLOOKUP(B13,'MEDIÇÃO 2'!$A:$Q,3,0) -> ms | E13: =SUM(D14) -> 2
B14: Conforme Cronograma Físico-Financeiro: 2,00 meses | D14: 2
B16: 4 | C16: =VLOOKUP(B16,'MEDIÇÃO 2'!$A$20:$C$100,2,0) -> PAREDES E PAINÉIS
B17: 4.1 | C17: =VLOOKUP(B17,'MEDIÇÃO 2'!$A$20:$C$100,2,0) -> Chapisco de argamassa de cimento e areia média ou grossa lavada, no traço 1:3, espessura 5 mm | D17: =VLOOKUP(B17,'MEDIÇÃO 2'!$A:$Q,3,0) -> m2 | E17: =SUM(D18) -> 3
B18: Local na parede onde vai preencher para instalação do novo quadro de distribuição. 3,00 m² | D18: 3
B20: 5 | C20: =VLOOKUP(B20,'MEDIÇÃO 2'!$A$20:$C$100,2,0) -> PISOS E REVESTIMENTOS
B21: 5.1 | C21: =VLOOKUP(B21,'MEDIÇÃO 2'!$A$20:$C$100,2,0) -> Chapim sobre muros lineares, em granito ou mármore, l = 25 cm, assentado com argamassa 1:6 com aditivo. Af_11/2020 | D21: =VLOOKUP(B21,'MEDIÇÃO 2'!$A:$Q,3,0) -> m | E21: =SUM(D22) -> 1.5
B22: Sobre a mureta do padrão de energia: 1,50 m | D22: 1.5
B24: 6. | C24: =VLOOKUP(B24,'MEDIÇÃO 2'!$A$20:$C$100,2,0) -> QUADRA DE ESPORTES
B25: 6.4 | C25: =VLOOKUP(B25,'MEDIÇÃO 2'!$A$20:$C$100,2,0) -> Placa de sinalização de segurança CODIGO 14 - 315/158(NBR 13.434); CÓDIGO S3(NT 14/2010-ES) ("SAIDA DE EMERGÊNCIA" - seta vertical) | D25: =VLOOKUP(B25,'MEDIÇÃO 2'!$A:$Q,3,0) -> und | E25: =SUM(D26:D26) -> 2
B26: 2,00 und (Portão de saída) | D26: 2
B27: 6.11 | C27: =VLOOKUP(B27,'MEDIÇÃO 2'!$A$20:$C$100,2,0) -> Rede de proteção em nylon malha 10x10 cm para proteção de quadra de esportes | D27: =VLOOKUP(B27,'MEDIÇÃO 2'!$A:$Q,3,0) -> m2 | E27: =SUM(D28:D30) -> 81.85
B28: Área sobre o gol: 17,95 m x 2,28 m x 2 lados = 81,85 m² | D28: 81.85
B30: 7 | C30: =VLOOKUP(B30,'MEDIÇÃO 2'!$A$20:$C$100,2,0) -> INSTALAÇÕES ELÉTRICAS
B31: 7.6 | C31: =VLOOKUP(B31,'MEDIÇÃO 2'!$A$20:$C$100,2,0) -> Caixa de inspeção de alvenaria de blocos cerâmicos 10 furos 10x20x20cm dimensões de 30x30x60cm, com revestimento interno em chapisco e reboco, tampa de concreto esp.5cm e lastro de brita 5 cm | D31: =VLOOKUP(B31,'MEDIÇÃO 2'!$A:$Q,3,0) -> und | E31: =SUM(D32:D32) -> 1
B32: 1,00 und | D32: 1
B33: 7.7 | C33: =VLOOKUP(B33,'MEDIÇÃO 2'!$A$20:$C$100,2,0) -> Eletroduto PEAD parede simples, corrugado, cor preta, diâmetro 2", referencia Kanaflex, Plastibras ou equivalente | D33: =VLOOKUP(B33,'MEDIÇÃO 2'!$A:$Q,3,0) -> m | E33: =SUM(D34:D34) -> 11.7
B34: 11,70 m | D34: 11.7
B36: 8 | C36: =VLOOKUP(B36,'MEDIÇÃO 2'!$A$20:$C$100,2,0) -> PINTURA
B37: 8.2 | C37: =VLOOKUP(B37,'MEDIÇÃO 2'!$A$20:$C$100,2,0) -> SOBRE PAREDES E FORROS
B38: 8.2.1 | C38: =VLOOKUP(B38,'MEDIÇÃO 2'!$A$20:$C$100,2,0) -> Pintura sobre paredes e forros, aplicação manual, com duas demãos de tinta látex acrílico premium, acabamento fosco, referência Suvinil, Coral e Metalatex, inclusive uma demão de liquido selador acrílico, referência Suvinil, Coral ou Metalatex | D38: =VLOOKUP(B38,'MEDIÇÃO 2'!$A:$Q,3,0) -> m2 | E38: =SUM(D39:D39) -> 25
B39: Local onde vai mexer no novo quadro de distribuição para os ar condicionados: 25,00 m² | D39: 25
B41: 10 | C41: =VLOOKUP(B41,'MEDIÇÃO 2'!$A$20:$C$100,2,0) -> ADMINISTRAÇÃO LOCAL
B42: 10.1 | C42: =VLOOKUP(B42,'MEDIÇÃO 2'!$A$20:$C$100,2,0) -> Administração local | D42: =VLOOKUP(B42,'MEDIÇÃO 2'!$A:$Q,3,0) -> und | E42: =SUM(D43:D43) -> 0.06
B43: Total: R$ 4.974,75 / R$ 89.220,70.: 0,06 | D43: 0.06
B45: 11 | C45: =VLOOKUP(B45,'MEDIÇÃO 2'!$A$20:$C$100,2,0) -> ITENS NOVOS
B46: 11.1 | C46: =VLOOKUP(B46,'MEDIÇÃO 2'!$A$20:$C$100,2,0) -> Locação de andaime metálico para trabalho em fachada de edifíco (aluguel de 1 m² por 1 mês) inclusive frete, montagem e desmontagem | D46: =VLOOKUP(B46,'MEDIÇÃO 2'!$A:$Q,3,0) -> m2 | E46: =SUM(D47:D47) -> 67
B47: 4m x 16,75m = 67m² | D47: 67
B48: 11.2 | C48: =VLOOKUP(B48,'MEDIÇÃO 2'!$A$20:$C$100,2,0) -> Remoção de interruptores/tomadas elétricas, de forma manual | D48: =VLOOKUP(B48,'MEDIÇÃO 2'!$A:$Q,3,0) -> und | E48: =SUM(D49:D49) -> 35
B49: 29 unidades (retirada necessária para passagem de tubos de espera para interligação entre quadros/chegada do padrão de energia) + 6 unidades da quadra. Total: 35 unidades | D49: 35
B50: 11.3 | C50: =VLOOKUP(B50,'MEDIÇÃO 2'!$A$20:$C$100,2,0) -> Abertura e fechamento de rasgos em concreto, para passagem de tubulações, diâm. 11/4" a 2" | D50: =VLOOKUP(B50,'MEDIÇÃO 2'!$A:$Q,3,0) -> m | E50: =SUM(D51:D51) -> 6
B51: Ligações da caixa de passagem ate os quadros e descidas onde vai embutir. Total: 6,00 m | D51: 6
B52: 11.4 | C52: =VLOOKUP(B52,'MEDIÇÃO 2'!$A$20:$C$100,2,0) -> Remoção de telhas cerâmicas, tipo colonial, inclusive cumeeiras | D52: =VLOOKUP(B52,'MEDIÇÃO 2'!$A:$Q,3,0) -> m2 | E52: =SUM(D53:D53) -> 2.5
B53: Local onde precisará ter acesso a laje para passagem dos eletrodutos. 2,50 m² | D53: 2.5
B54: 11.5 | C54: =VLOOKUP(B54,'MEDIÇÃO 2'!$A$20:$C$100,2,0) -> Eletroduto de PVC rígido roscável, diâmetro 2", inclusive conexões | D54: =VLOOKUP(B54,'MEDIÇÃO 2'!$A:$Q,3,0) -> m | E54: =SUM(D55:D55) -> 12
B55: Ligações da caixa de passagem ate os quadros e descidas. Total: 12,00 metros | D55: 12
B56: 11.6 | C56: =VLOOKUP(B56,'MEDIÇÃO 2'!$A$20:$C$100,2,0) -> Reboco tipo paulista de argamassa de cimento, cal hidratada CH1 e areia lavada traço 1:0.5:6, espessura 25 mm | D56: =VLOOKUP(B56,'MEDIÇÃO 2'!$A:$Q,3,0) -> m2 | E56: =SUM(D57:D57) -> 6
B57: Local na parede onde vai preencher para instalação do novo quadro de distribuição com espessura de 5cm. Total: 6,00 m² | D57: 6
B58: 11.7 | C58: =VLOOKUP(B58,'MEDIÇÃO 2'!$A$20:$C$100,2,0) -> Emassamento de paredes e forros, com duas demãos de massa acrílica premium, referência Suvinil, Coral ou Sherwin Williams ou equivalente, inclusive uma demão de liquido selador acrílico, referência Suvinil, Coral ou Metalatex ou equivalente | D58: =VLOOKUP(B58,'MEDIÇÃO 2'!$A:$Q,3,0) -> m2 | E58: =SUM(D59:D59) -> 6
B59: Local na parede onde será instalado o novo quadro de disjuntores. Total: 6,00 m² | D59: 6
B60: 11.8 | C60: =VLOOKUP(B60,'MEDIÇÃO 2'!$A$20:$C$100,2,0) -> Rodapé de granito cinza andorinha altura de 7 cm e espessura de 2 cm, assentado com argamassa de cimento, cal hidratada CH1 e areia no traço 1:0,5:8, inclusive rejuntamento com cimento branco | D60: m | E60: =SUM(D61:D61) -> 2
B61: 2,00 m | D61: 2
B62: 11.9 | C62: =VLOOKUP(B62,'MEDIÇÃO 2'!$A$20:$C$100,2,0) -> Eletroduto PEAD parede simples, corrugado, cor preta, diâmetro 4", referencia Kanaflex, Plastibras ou equivalente | D62: =VLOOKUP(B62,'MEDIÇÃO 2'!$A:$Q,3,0) -> m | E62: =D63 -> 30
B63: 30 m - do padrão até o primeiro quadro de distribuição | D63: 30
B64: 11.10 | C64: =VLOOKUP(B64,'MEDIÇÃO 2'!$A$20:$C$100,2,0) -> Tomada padrão brasileiro linha branca, NBR 14136 2 polos + terra 10A/250V, com placa 4x2" | D64: =VLOOKUP(B64,'MEDIÇÃO 2'!$A:$Q,3,0) -> und | E64: =D65 -> 2
B65: Duas tomadas para a quadra de esportes | D65: 2
B66: 11.11 | C66: =VLOOKUP(B66,'MEDIÇÃO 2'!$A$20:$C$100,2,0) -> Disjuntor monopolar – instalação | D66: =VLOOKUP(B66,'MEDIÇÃO 2'!$A:$Q,3,0) -> und | E66: =D67 -> 23
B67: 22 unidades (retirada necessária para passagem de tubos de espera para interligação entre quadros/chegada do padrão de energia) + 1 unidade na quadra. Total: 23 unidades | D67: 23
B68: 11.12 | C68: =VLOOKUP(B68,'MEDIÇÃO 2'!$A$20:$C$100,2,0) -> Disjuntor bipolar – instalação | D68: =VLOOKUP(B68,'MEDIÇÃO 2'!$A:$Q,3,0) -> und | E68: =D69 -> 8
B69: 4 unidades (retirada necessária para passagem de tubos de espera para interligação entre quadros/chegada do padrão de energia) + 4 unidades na quadra. Total: 8 unidades | D69: 8
B70: 11.13 | C70: =VLOOKUP(B70,'MEDIÇÃO 2'!$A$20:$C$100,2,0) -> Disjuntor tripolar – instalação | D70: =VLOOKUP(B70,'MEDIÇÃO 2'!$A:$Q,3,0) -> und | E70: =D71 -> 4
B71: 3 unidades (retirada necessária para passagem de tubos de espera para interligação entre quadros/chegada do padrão de energia) + 1 unidade na quadra. Total: 4 unidades | D71: 4
B72: 11.14 | C72: =VLOOKUP(B72,'MEDIÇÃO 2'!$A$20:$C$100,2,0) -> Quadro de distribuição de energia em chapa de aço galvanizado, de embutir de 12 disjuntores - instalação | D72: =VLOOKUP(B72,'MEDIÇÃO 2'!$A:$Q,3,0) -> und | E72: =D73 -> 2
B73: 2 unidades (retirada necessária para passagem de tubos de espera para interligação entre quadros/chegada do padrão de energia) | D73: 2
B74: 11.15 | C74: =VLOOKUP(B74,'MEDIÇÃO 2'!$A$20:$C$100,2,0) -> Quadro de distribuição de energia em chapa de aço galvanizado, de embutir de 18 disjuntores - instalação | D74: =VLOOKUP(B74,'MEDIÇÃO 2'!$A:$Q,3,0) -> und | E74: =D75 -> 1
B75: 1 unidade (retirada necessária para passagem de tubos de espera para interligação entre quadros/chegada do padrão de energia) | D75: 1
B76: 11.16 | C76: =VLOOKUP(B76,'MEDIÇÃO 2'!$A$20:$C$100,2,0) -> Caixa de passagem 400x400x120mm, chapa 18, com tampa parafusada | D76: =VLOOKUP(B76,'MEDIÇÃO 2'!$A:$Q,3,0) -> und | E76: =D77 -> 3
B77: 3 unidades (derivações) | D77: 3
B78: 11.17 | C78: =VLOOKUP(B78,'MEDIÇÃO 2'!$A$20:$C$100,2,0) -> Caixa de passagem para telefone 80x80x15cm (sobrepor) fornecimento e instalacao. Af_11/2019 | D78: =VLOOKUP(B78,'MEDIÇÃO 2'!$A:$Q,3,0) -> un | E78: =D79 -> 1
B79: Quadro para a chegada do cabo 95mm e distribuição para os demais quadros | D79: 1
B80: 11.18 | C80: =VLOOKUP(B80,'MEDIÇÃO 2'!$A$20:$C$100,2,0) -> Cabo de cobre termoplástico (PVC) flexível isolado 0,60/1kV, antichama, HEPR 90ºC ? 70,0mm2 | D80: =VLOOKUP(B80,'MEDIÇÃO 2'!$A:$Q,3,0) -> m | E80: =SUM(D81:D82) -> 116
B81: Do padrão ate o primeiro quadro onde vai se ramificar 3 fases na cor preta = 3x29m | D81: =29*3 -> 87
B82: Do padrão ate o primeiro quadro onde vai se ramificar 1 neutro na cor azul = 1x29m | D82: 29
B83: 11.19 | C83: =VLOOKUP(B83,'MEDIÇÃO 2'!$A$20:$C$100,2,0) -> Cabo de cobre termoplástico (PVC) flexível isolado 0,60/1kV, antichama, HEPR 90ºC ? 25,0mm2 | D83: =VLOOKUP(B83,'MEDIÇÃO 2'!$A:$Q,3,0) -> m | E83: =D84 -> 30
B84: Do padrão ate o primeiro quadro onde vai se ramificar 1 terra na cor verde = 1x30m | D84: =1*30 -> 30
B85: 11.20 | C85: =VLOOKUP(B85,'MEDIÇÃO 2'!$A$20:$C$100,2,0) -> Cobertura nova de telhas cerâmicas tipo capa e canal inclusive cumeeira (telhas compradas na praça de Vitória, posto obra) (área de projeção horizontal; incl. 35%) | D85: =VLOOKUP(B85,'MEDIÇÃO 2'!$A:$Q,3,0) -> m2 | E85: =D86 -> 1
B86: Local onde precisará ter acesso a laje para passagem dos eletrodutos. 1,00 m² | D86: 1
C91: ______________________________________________________________________
C92: JHONATAN DE OLIVEIRA RECKEL
C93: Engenheiro Civil
C94: CREA-ES 50835/D
C95: Fiscal da Obra
